General information
			
			
        
        - name: BNet
 
        - type: Ladder team game (AT/RT)
 
        - host: Battle.net
 
        - saver: sc2no.wc4yes
 
        
map: DragonFalls 
        - players: 8
 
        - length: 26:01
 
        - speed: Fast
 - version: 1.26 W3XP
 - replay type:  Public
 
» download(221 KB)
Players
        team 1 (winner) 
              
              
ReconPeon (
green | 74 APM | 1932 actions | 25:59)
              
 4 Mountain King 
 2 Storm Bolt
 2 Bash
 4 Paladin 
 2 Holy Light
 1 Divine Shield
 1 Devotion Aura
 
                » actions 
                
                | Assign group hotkey | 28 |  | 
| Basic commands | 121 |  | 
| Build / train | 101 |  | 
| Enter build submenu | 27 |  | 
| Enter hero's abilities submenu | 8 |  | 
| Give item / drop item | 5 |  | 
| Right click | 460 |  | 
| Select / deselect | 554 |  | 
| Select group hotkey | 536 |  | 
| Use ability | 92 |  | 
                1932 total
 » units 
                
                | Peasant | 14 |  | 
| Footman | 4 |  | 
| Rifleman | 7 |  | 
| Knight | 7 |  | 
| Siege Engine | 11 |  | 
| Flying Machine | 3 |  | 
| Priest | 2 |  | 
                48 total
 » upgrades
                
                | Gunpowder | 2 |  | 
| Armor | 1 |  | 
| Long Rifles | 1 |  | 
| Lumber Harvesting | 2 |  | 
| Swords | 3 |  | 
| Animal War Training | 1 |  | 
| Plating | 3 |  | 
| Barrage | 1 |  | 
| Priest Training | 1 |  | 
                15 total
 » buildings
                
                | Barracks | 2 |  | 
| Farm | 13 |  | 
| Altar of Kings | 1 |  | 
| Keep | 1 |  | 
| Town Hall | 1 |  | 
| Blacksmith | 1 |  | 
| Arcane Vault | 1 |  | 
| Lumber Mill | 1 |  | 
| Castle | 1 |  | 
| Workshop | 3 |  | 
| Arcane Sanctum | 1 |  | 
                26 total
 » build order
                00:34 Barracks
00:49 Farm
01:04 Altar of Kings
01:15 Farm
02:00 Farm
03:33 Keep
04:19 Town Hall
04:25 Blacksmith
04:27 Farm
04:44 Arcane Vault
05:54 Farm
06:33 Lumber Mill
07:43 Castle
09:23 Barracks
10:41 Farm
11:26 Workshop
12:10 Workshop
13:25 Farm
13:28 Farm
13:45 Farm
14:04 Farm
14:11 Workshop
15:56 Farm
16:33 Farm
19:32 Arcane Sanctum
21:12 Farm
» items
                
                | Scroll of Regeneration | 7 |  | 
| Lesser Clarity Potion | 9 |  | 
| Boots of Speed | 1 |  | 
| Scroll of Town Portal | 6 |  | 
| Orb of Fire | 2 |  | 
| Scroll of Healing | 1 |  | 
                26 total
  
               
              
              
Fan-of-Knives (
yellow | 67 APM | 1749 actions | 25:59)
              
 3 Archmage 
 2 Summon Water Elemental
 1 Brilliance Aura
 3 Beastmaster 
 2 Summon Quilbeast
 1 Summon Bear
 
                » actions 
                
                | Assign group hotkey | 138 |  | 
| Basic commands | 29 |  | 
| Build / train | 98 |  | 
| Enter build submenu | 37 |  | 
| Enter hero's abilities submenu | 6 |  | 
| Remove unit from queue | 6 |  | 
| Right click | 504 |  | 
| Select / deselect | 466 |  | 
| Select group hotkey | 358 |  | 
| Use ability | 107 |  | 
                1749 total
 » units 
                
                | Peasant | 16 |  | 
| Footman | 7 |  | 
| Sorceress | 5 |  | 
| Priest | 2 |  | 
| Knight | 7 |  | 
| Mortar Team | 1 |  | 
                38 total
 » upgrades
                
                | Masonry | 3 |  | 
| Swords | 1 |  | 
| Lumber Harvesting | 2 |  | 
| Sorceress Training | 3 |  | 
| Priest Training | 2 |  | 
| Plating | 1 |  | 
| Animal War Training | 1 |  | 
| Magic Sentry | 1 |  | 
| Control Magic | 1 |  | 
| Barrage | 1 |  | 
| Fragmentation Shards | 1 |  | 
                17 total
 » buildings
                
                | Altar of Kings | 1 |  | 
| Farm | 10 |  | 
| Barracks | 2 |  | 
| Scout Tower | 9 |  | 
| Lumber Mill | 1 |  | 
| Arcane Tower | 4 |  | 
| Keep | 2 |  | 
| Blacksmith | 1 |  | 
| Arcane Vault | 1 |  | 
| Arcane Sanctum | 2 |  | 
| Guard Tower | 5 |  | 
| Castle | 2 |  | 
| Town Hall | 3 |  | 
| Workshop | 3 |  | 
                46 total
 » build order
                00:07 Altar of Kings
00:11 Farm
00:18 Farm
00:30 Barracks
01:59 Scout Tower
02:03 Lumber Mill
02:37 Arcane Tower
02:37 Arcane Tower
02:53 Farm
03:25 Keep
04:14 Blacksmith
04:23 Farm
04:30 Farm
04:34 Farm
04:43 Arcane Vault
05:49 Scout Tower
05:54 Scout Tower
06:31 Arcane Sanctum
06:36 Arcane Sanctum
06:39 Guard Tower
06:46 Farm
07:26 Barracks
08:41 Castle
10:38 Town Hall
12:42 Farm
13:45 Scout Tower
13:48 Scout Tower
14:07 Farm
14:14 Arcane Tower
14:14 Arcane Tower
14:25 Guard Tower
15:40 Farm
15:47 Scout Tower
15:48 Scout Tower
16:04 Town Hall
16:26 Guard Tower
16:26 Guard Tower
16:42 Workshop
16:49 Workshop
19:27 Workshop
21:53 Town Hall
24:58 Scout Tower
25:19 Scout Tower
» items
                
                | Scroll of Regeneration | 3 |  | 
| Orb of Fire | 1 |  | 
| Scroll of Town Portal | 2 |  | 
                6 total
  
               
              
              
» 
sc2no.wc4yes (
pink | 101 APM | 2635 actions | 26:00)
              
 7 Blademaster 
 3 Wind Walk
 3 Critical Strike
 1 Bladestorm
 6 Shadow Hunter 
 2 Hex
 3 Healing Wave
 1 Big Bad Voodoo
 6 Tauren Chieftain 
 3 Endurance Aura
 2 War Stomp
 1 Reincarnation
 
                » actions 
                
                | Assign group hotkey | 115 |  | 
| Basic commands | 102 |  | 
| Build / train | 98 |  | 
| ESC pressed | 4 |  | 
| Enter build submenu | 19 |  | 
| Enter hero's abilities submenu | 19 |  | 
| Give item / drop item | 3 |  | 
| Right click | 1019 |  | 
| Select / deselect | 238 |  | 
| Select group hotkey | 828 |  | 
| Use ability | 190 |  | 
                2635 total
 » units 
                
                | Peon | 13 |  | 
| Wind Rider | 10 |  | 
| Troll Batrider | 12 |  | 
| Goblin Shredder | 1 |  | 
                36 total
 » upgrades
                
                | Ranged Weapons | 3 |  | 
| Envenomed Spears | 1 |  | 
| Reinforced Defenses | 1 |  | 
| Armor | 2 |  | 
                7 total
 » buildings
                
                | Altar of Storms | 1 |  | 
| Orc Burrow | 7 |  | 
| War Mill | 1 |  | 
| Voodoo Lounge | 1 |  | 
| Stronghold | 3 |  | 
| Beastiary | 4 |  | 
| Great Hall | 4 |  | 
| Fortress | 1 |  | 
                22 total
 » build order
                00:13 Altar of Storms
00:18 Orc Burrow
00:57 War Mill
01:10 Voodoo Lounge
02:54 Stronghold
02:54 Stronghold
05:18 Beastiary
05:20 Beastiary
06:19 Great Hall
06:37 Orc Burrow
06:38 Orc Burrow
06:38 Orc Burrow
06:38 Orc Burrow
06:42 Fortress
13:29 Beastiary
13:29 Beastiary
14:46 Orc Burrow
14:47 Orc Burrow
21:31 Great Hall
24:23 Great Hall
25:06 Great Hall
» items
                
                | Lesser Clarity Potion | 6 |  | 
| Healing Salve | 4 |  | 
| Circlet of Nobility | 3 |  | 
| Boots of Speed | 3 |  | 
| Scroll of Town Portal | 2 |  | 
| Orb of Lightning | 5 |  | 
| Scroll of Protection | 1 |  | 
| Scroll of Healing | 1 |  | 
                25 total
  
               
              
              
Adom (
teal | 28 APM | 738 actions | 25:59)
              
 4 Goblin Tinker 
 2 Pocket Factory
 2 Engineering Upgrade
 
                » actions 
                
                | Assign group hotkey | 17 |  | 
| Basic commands | 37 |  | 
| Build / train | 70 |  | 
| ESC pressed | 2 |  | 
| Enter build submenu | 24 |  | 
| Enter hero's abilities submenu | 4 |  | 
| Give item / drop item | 3 |  | 
| Right click | 204 |  | 
| Select / deselect | 277 |  | 
| Select group hotkey | 52 |  | 
| Use ability | 48 |  | 
                738 total
 » units 
                
                | Peasant | 29 |  | 
| Footman | 5 |  | 
| Gryphon Rider | 6 |  | 
| Knight | 8 |  | 
                48 total
 » upgrades
                
                | Lumber Harvesting | 2 |  | 
| Swords | 1 |  | 
| Storm Hammers | 1 |  | 
| Masonry | 1 |  | 
| Armor | 1 |  | 
| Animal War Training | 1 |  | 
                7 total
 » buildings
                
                | Altar of Kings | 1 |  | 
| Farm | 7 |  | 
| Barracks | 1 |  | 
| Lumber Mill | 2 |  | 
| Keep | 1 |  | 
| Arcane Vault | 1 |  | 
| Blacksmith | 1 |  | 
| Town Hall | 3 |  | 
| Castle | 1 |  | 
| Gryphon Aviary | 2 |  | 
| Scout Tower | 5 |  | 
| Guard Tower | 3 |  | 
                28 total
 » build order
                00:08 Altar of Kings
00:11 Farm
00:36 Barracks
00:59 Farm
01:55 Farm
03:11 Lumber Mill
03:34 Keep
04:18 Farm
04:26 Arcane Vault
05:00 Farm
05:05 Blacksmith
05:31 Town Hall
06:00 Castle
06:27 Gryphon Aviary
06:30 Gryphon Aviary
06:51 Farm
07:15 Scout Tower
08:19 Farm
08:23 Town Hall
08:24 Guard Tower
08:51 Scout Tower
14:31 Scout Tower
15:19 Guard Tower
15:23 Scout Tower
15:49 Guard Tower
15:54 Scout Tower
21:31 Lumber Mill
25:17 Town Hall
» items
                
                | Scroll of Regeneration | 1 |  | 
| Lesser Clarity Potion | 2 |  | 
| Orb of Fire | 1 |  | 
| Scroll of Town Portal | 1 |  | 
                5 total
  
               team 2 (loser) 
              
              
pikachu7 (
blue | 76 APM | 1964 actions | 25:53)
              
 7 Death Knight 
 3 Death Coil
 3 Unholy Aura
 1 Animate Dead
 3 Lich 
 2 Frost Nova
 1 Frost Armor
 
                » actions 
                
                | Assign group hotkey | 58 |  | 
| Basic commands | 326 |  | 
| Build / train | 100 |  | 
| Enter build submenu | 32 |  | 
| Enter hero's abilities submenu | 10 |  | 
| Give item / drop item | 2 |  | 
| Right click | 644 |  | 
| Select / deselect | 556 |  | 
| Select group hotkey | 132 |  | 
| Use ability | 104 |  | 
                1964 total
 » units 
                
                | Acolyte | 18 |  | 
| Ghoul | 4 |  | 
| Crypt Fiend | 18 |  | 
| Frost Wyrm | 6 |  | 
                46 total
 » upgrades
                
                | Creature Attack | 3 |  | 
| Creature Carapace | 2 |  | 
| Web | 1 |  | 
                6 total
 » buildings
                
                | Ziggurat | 12 |  | 
| Tomb of Relics | 1 |  | 
| Altar of Darkness | 1 |  | 
| Crypt | 1 |  | 
| Graveyard | 1 |  | 
| Nerubian Tower | 3 |  | 
| Halls of the Dead | 1 |  | 
| Spirit Tower | 3 |  | 
| Black Citadel | 1 |  | 
| Sacrificial Pit | 1 |  | 
| Boneyard | 2 |  | 
| Necropolis | 1 |  | 
                28 total
 » build order
                00:07 Ziggurat
00:50 Tomb of Relics
00:53 Altar of Darkness
00:55 Crypt
01:16 Graveyard
01:32 Ziggurat
01:39 Nerubian Tower
01:39 Nerubian Tower
03:54 Ziggurat
05:18 Halls of the Dead
06:44 Ziggurat
06:46 Ziggurat
06:49 Ziggurat
07:38 Nerubian Tower
07:43 Spirit Tower
08:29 Ziggurat
09:02 Black Citadel
09:27 Sacrificial Pit
10:57 Ziggurat
11:26 Boneyard
11:28 Boneyard
16:33 Spirit Tower
19:50 Necropolis
20:27 Ziggurat
20:31 Ziggurat
21:52 Spirit Tower
23:15 Ziggurat
23:19 Ziggurat
» items
                
                | Rod of Necromancy | 2 |  | 
| Potion of Healing | 3 |  | 
| Scroll of Town Portal | 6 |  | 
| Potion of Mana | 3 |  | 
| Dust of Appearance | 1 |  | 
| Orb of Corruption | 1 |  | 
                16 total
  
               
              
              
» 
TruBlood (
purple | 83 APM | 2080 actions | 25:00)
              
 5 Crypt Lord 
 2 Impale
 3 Spiked Carapace
 
                » actions 
                
                | Assign group hotkey | 43 |  | 
| Build / train | 82 |  | 
| Enter build submenu | 19 |  | 
| Enter hero's abilities submenu | 5 |  | 
| Give item / drop item | 1 |  | 
| Remove unit from queue | 1 |  | 
| Right click | 950 |  | 
| Select / deselect | 395 |  | 
| Select group hotkey | 519 |  | 
| Use ability | 65 |  | 
                2080 total
 » units 
                
                | Acolyte | 13 |  | 
| Ghoul | 2 |  | 
| Crypt Fiend | 8 |  | 
| Gargoyle | 26 |  | 
| Meatwagon | 4 |  | 
| Obsidian Statue | 2 |  | 
                55 total
 » upgrades
                
                | Creature Attack | 2 |  | 
| Creature Carapace | 2 |  | 
                4 total
 » buildings
                
                | Ziggurat | 8 |  | 
| Altar of Darkness | 1 |  | 
| Crypt | 2 |  | 
| Graveyard | 1 |  | 
| Nerubian Tower | 1 |  | 
| Tomb of Relics | 1 |  | 
| Spirit Tower | 2 |  | 
| Halls of the Dead | 1 |  | 
| Black Citadel | 1 |  | 
| Slaughterhouse | 1 |  | 
                19 total
 » build order
                00:09 Ziggurat
00:11 Altar of Darkness
00:14 Crypt
01:09 Graveyard
01:36 Nerubian Tower
01:47 Tomb of Relics
02:16 Ziggurat
03:53 Ziggurat
07:51 Ziggurat
07:53 Ziggurat
07:55 Ziggurat
07:56 Ziggurat
07:59 Ziggurat
08:55 Spirit Tower
09:00 Halls of the Dead
10:02 Spirit Tower
11:54 Crypt
14:02 Black Citadel
15:23 Slaughterhouse
» items
                
                | Rod of Necromancy | 2 |  | 
| Dust of Appearance | 1 |  | 
| Scroll of Town Portal | 3 |  | 
| Potion of Lesser Invulnerability | 2 |  | 
| Potion of Mana | 1 |  | 
| Scroll of Healing | 1 |  | 
| Periapt of Vitality | 1 |  | 
                11 total
  
               
              
              
» 
MynameisBug (
orange | 61 APM | 1580 actions | 25:43)
              
 6 Warden 
 3 Shadow Strike
 3 Blink
 
                » actions 
                
                | Assign group hotkey | 37 |  | 
| Basic commands | 80 |  | 
| Build / train | 76 |  | 
| ESC pressed | 1 |  | 
| Enter build submenu | 23 |  | 
| Enter hero's abilities submenu | 6 |  | 
| Give item / drop item | 1 |  | 
| Right click | 536 |  | 
| Select / deselect | 445 |  | 
| Select group hotkey | 279 |  | 
| Use ability | 96 |  | 
                1580 total
 » units 
                
                | Wisp | 27 |  | 
| Archer | 16 |  | 
| Hippogryph | 20 |  | 
                63 total
 » upgrades
                
                | Improved Bows | 1 |  | 
| Strength of the Moon | 1 |  | 
| Hippogryph Taming | 1 |  | 
| Strength of the Wild | 1 |  | 
                4 total
 » buildings
                
                | Moon Well | 9 |  | 
| Altar of Elders | 3 |  | 
| Ancient of War | 1 |  | 
| Tree of Ages | 1 |  | 
| Tree of Life | 4 |  | 
| Hunter's Hall | 1 |  | 
| Ancient of Wind | 2 |  | 
| Ancient Protector | 1 |  | 
                22 total
 » build order
                00:09 Moon Well
00:15 Altar of Elders
01:01 Ancient of War
01:29 Moon Well
02:33 Moon Well
03:23 Moon Well
03:39 Tree of Ages
04:11 Tree of Life
04:58 Moon Well
05:24 Hunter's Hall
06:01 Moon Well
06:23 Ancient of Wind
06:26 Ancient of Wind
07:27 Ancient Protector
13:17 Altar of Elders
13:24 Tree of Life
14:27 Moon Well
18:37 Tree of Life
19:46 Altar of Elders
19:54 Moon Well
20:33 Moon Well
23:53 Tree of Life
» items
                 
               
              
              
» 
sickyy123 (
red | 34 APM | 894 actions | 25:58)
              
 5 Dreadlord 
 3 Carrion Swarm
 1 Sleep
 1 Vampiric Aura
 
                » actions 
                
                | Build / train | 54 |  | 
| Enter build submenu | 20 |  | 
| Enter hero's abilities submenu | 5 |  | 
| Give item / drop item | 1 |  | 
| Remove unit from queue | 2 |  | 
| Right click | 478 |  | 
| Select / deselect | 283 |  | 
| Use ability | 51 |  | 
                894 total
 » units 
                
                | Acolyte | 2 |  | 
| Ghoul | 4 |  | 
| Crypt Fiend | 10 |  | 
| Frost Wyrm | 3 |  | 
| Gargoyle | 9 |  | 
                28 total
 » upgrades
                
                | Creature Attack | 3 |  | 
| Creature Carapace | 3 |  | 
| Web | 1 |  | 
| Freezing Breath | 1 |  | 
| Burrow | 1 |  | 
| Disease Cloud | 1 |  | 
                10 total
 » buildings
                
                | Altar of Darkness | 1 |  | 
| Ziggurat | 9 |  | 
| Crypt | 2 |  | 
| Graveyard | 1 |  | 
| Halls of the Dead | 1 |  | 
| Spirit Tower | 1 |  | 
| Nerubian Tower | 2 |  | 
| Black Citadel | 1 |  | 
| Tomb of Relics | 1 |  | 
| Sacrificial Pit | 1 |  | 
| Boneyard | 2 |  | 
| Slaughterhouse | 2 |  | 
                24 total
 » build order
                00:07 Altar of Darkness
00:14 Ziggurat
00:21 Crypt
01:12 Graveyard
01:43 Ziggurat
03:12 Halls of the Dead
04:40 Spirit Tower
05:03 Ziggurat
05:05 Ziggurat
05:21 Nerubian Tower
06:12 Nerubian Tower
07:16 Black Citadel
07:28 Tomb of Relics
07:33 Sacrificial Pit
09:04 Crypt
09:14 Ziggurat
10:51 Boneyard
10:55 Boneyard
16:03 Ziggurat
16:07 Ziggurat
16:11 Ziggurat
16:13 Ziggurat
25:10 Slaughterhouse
25:12 Slaughterhouse
» items
                
                | Rod of Necromancy | 1 |  | 
| Scroll of Town Portal | 2 |  | 
                3 total
  
                Chat log
          (00:07 / Allies) sc2no.wc4yes: yellow i used to have that name on west
(00:24 / Allies) Adom: mass rush?
(00:27 / Allies) sc2no.wc4yes: nah
(00:33 / Allies) Adom: okay
(00:44 / Allies) Adom: hate teching but i have no choice
(02:19 / Allies) Adom: i imagine if things head south you will leave first pink
(02:26 / Allies) sc2no.wc4yes: ofc
(02:34 / Allies) sc2no.wc4yes: the rats leave the ship first
(02:44 / Allies) sc2no.wc4yes: when it starts to sink
(03:06 / Allies) Adom: birds here
(03:35 / All) sc2no.wc4yes: brb phone call
(03:39 / Allies) Fan-of-Knives: lol
(03:42 / All) MynameisBug: this isn't gonna happen
(03:42 / All) Adom: keep it honest
(04:03 / Allies) Adom: you back?
(04:09 / Allies) sc2no.wc4yes: i never left
(04:10 / Allies) sc2no.wc4yes: cmon now
(04:49 / Allies) sc2no.wc4yes: i need to lose some more games its matching me against over achievers
(06:54 / All) sc2no.wc4yes: 75 gopld
(07:02 / All) sc2no.wc4yes: 75 gold
(07:55 / Allies) sc2no.wc4yes: go click archers
(08:12 / Allies) sc2no.wc4yes: you missed the archers  dude
(08:18 / Allies) sc2no.wc4yes: you micro like compputer (easy)
(08:48 / Allies) sc2no.wc4yes: horrible
(12:43 / Allies) sc2no.wc4yes: is this a bot?
(12:47 / Allies) sc2no.wc4yes: you play exactly like the computer
(16:12 / Allies) sc2no.wc4yes: wood pls
(17:03 / Allies) Adom: come to me
(17:39 / All) sc2no.wc4yes: i would do better with three computer easies than these morons
(17:56 / All) MynameisBug: YOU'RE STILL GONNA WIN
(19:37 / All) MynameisBug: lol
(19:38 / All) MynameisBug: so stupid
(19:40 / All) MynameisBug: cant tp through hex
(19:49 / All) sc2no.wc4yes: rofl
(20:19 / Allies) Adom: units there green
(21:21 / Allies) sc2no.wc4yes: yeah send your 3 knights into that
(21:34 / Allies) sc2no.wc4yes: gold psl
(23:07 / Allies) sc2no.wc4yes: go there faaggots
(23:20 / Allies) Adom: stop screaming you are the one that wanted to tech
(23:33 / Allies) sc2no.wc4yes: what does that have to do with you haveing 3 units
(23:36 / Allies) Adom: kinda hate how people tech and leave...or else bitch
(23:50 / Allies) Adom: my birds died because they went air
(24:00 / All) MynameisBug: lol
(24:00 / All) MynameisBug: gg
(24:02 / All) MynameisBug: no team at all
(24:10 / All) MynameisBug: lol not really even a gg
(24:26 / All) MynameisBug: i told them a million times to hit pink or green
(24:31 / All) MynameisBug: as the only players doing anything
(24:39 / All) MynameisBug: and they kept killing teal's noob ass with 0 units
(24:41 / All) MynameisBug: fucking tools
(25:03 / All) Adom: its not that its just my expo kept getting hit
(25:05 / All) MynameisBug: fucking noobs
(25:09 / All) MynameisBug: lol blue
(25:13 / All) MynameisBug: you're the offender here
(25:18 / All) MynameisBug: you had biggest army and would only hit their d ead players
(25:27 / All) MynameisBug: wasted time on teal's castle instead of kiling pink like i said
(25:31 / All) MynameisBug: aka the only guy who could win
(25:32 / All) MynameisBug: fucking idiot
(25:40 / All) MynameisBug: learn that this is a "strategy" game
(25:43 / All) sc2no.wc4yes: you wish you had my allies intstead?
(25:58 / All) Adom: only noobs tech really